 Dungeon Crawl Stone Soup version 0.28.0-53-g5a82cb258f (webtiles) character file.

Game seed: 14480974694352895817

8707 H0rd4k the Cruncher (level 11, -3/86 HPs)
             Began as a Human Artificer on May 24, 2022.
             Was an Initiate of Gozag.
             Slain by a black bear (8 damage)
             ... on level 1 of the Lair of Beasts.
             The game lasted 00:18:31 (9316 turns).

H0rd4k the Cruncher (Human Artificer)               Turns: 9316, Time: 00:18:32

Health: -3/86      AC:  4    Str: 11 (12) XL:     11   Next: 60%
Magic:  11/11      EV: 14    Int: 20 (22) God:    Gozag
Gold:   1009       SH:  0    Dex: 14      Spells: 10/10 levels left

rFire   . . .      SeeInvis .   n - +6 quarterstaff of Uncertain Death {vamp, rElec rC+ Stlth+}
rCold   + . .      Faith    .   (shield currently unavailable)
rNeg    . . .      Spirit   .   b - +1 leather armour
rPois   .          Reflect  .   (no helmet)
rElec   +          Harm     .   (no cloak)
rCorr   .          Rampage  .   (no gloves)
Will    .....                   (no boots)
Stlth   ++++......              s - amulet of regeneration
HPRegen 1.04/turn               g - +4 ring of slaying
MPRegen 0.12/turn               N - +6 ring of intelligence

@: lethally poisoned (-3 -> -33), studying Slings
A: no striking features
a: Renounce Religion, Potion Petition, Call Merchant, Bribe Branch


You were on level 1 of the Lair of Beasts.
You worshipped Gozag.
Gozag was most pleased with you.
You visited 3 branches of the dungeon, and saw 11 of its levels.

You collected 1067 gold pieces.
You paid 58 gold pieces to Gozag.

Inventory:

Hand Weapons
 n - the +6 quarterstaff of Uncertain Death (weapon) {vamp, rElec rC+ Stlth+}
   (You found it on level 2 of the Dungeon)

   It occasionally heals its wielder for a portion of the damage dealt when it
   wounds a living foe.
   rC:        It protects you from cold.
   rElec:     It insulates you from electricity.
   Stlth:     It makes you more stealthy.
Missiles
 F - 6 boomerangs of dispersal
 K - 6 curare-tipped darts
 L - a throwing net
Armour
 b - a +1 leather armour (worn)
Magical Staves
 q - a staff of cold
Jewellery
 g - a +4 ring of slaying (left hand)
 j - a +4 ring of slaying
 o - a ring of fire
 p - a +6 ring of dexterity
 s - an amulet of regeneration (around neck)
 t - a ring of flight
 N - a +6 ring of intelligence (right hand)
Wands
 a - a wand of polymorph (26)
 c - a wand of flame (36) (quivered)
 u - a wand of digging (6)
 H - a wand of acid (3)
Scrolls
 f - 2 scrolls of fear {unknown}
 h - a scroll of immolation {unknown}
 l - a scroll of teleportation
 m - 2 scrolls of noise {unknown}
 r - 2 scrolls of enchant weapon {unknown}
 v - a scroll of fog {unknown}
 x - a scroll of silence {unknown}
 y - 3 scrolls of vulnerability {unknown}
 z - a scroll of brand weapon {unknown}
 D - a scroll of blinking {unknown}
Potions
 i - 2 potions of might
 k - a potion of lignification
 w - 3 potions of cancellation
 A - 2 potions of haste
 C - 2 potions of attraction {unknown}
 I - 3 potions of resistance
 M - a potion of berserk rage {unknown}
Miscellaneous
 e - a piece from Xom's chessboard (15/15)


   Skills:
 + Level 7.9 Fighting
 + Level 2.2(7.9) Maces & Flails
 + Level 11.9(12.0) Staves
 - Level 5.0 Armour
 + Level 5.7 Dodging
 - Level 5.7 Stealth
 + Level 0.2 Unarmed Combat
 + Level 4.1 Evocations


You had 10 spell levels left.
You didn't know any spells.
Your spell library contained the following spells:

 Spells                   Type           Power      Damage    Failure   Level
 Corpse Rot               Necr/Air       0%         N/A       36%         2
 Dispel Undead            Necr           0%         3d6       94%         4
 Fulminant Prism          Conj/Hex       0%         3d6       94%         4
 Iskenderun's Mystic Bla  Conj/Tloc      0%         2d3       94%         4
 Summon Ice Beast         Ice/Summ       0%         N/A       94%         4
 Lee's Rapid Deconstruct  Erth           0%         3d5*      100%        5
 Summon Mana Viper        Hex/Summ       0%         N/A       100%        5
 Death Channel            Necr           0%         N/A       100%        6
 Monstrous Menagerie      Summ           0%         N/A       100%        7


Dungeon Overview and Level Annotations

Branches:
Dungeon (9/15)             Temple (1/1) D:6            Lair (1/6) D:9
    Orc: D:9-12

Altars:
Ashenzari
Cheibriados
Dithmenos
Elyvilon
Fedhas
Gozag
Hepliaklqana
Kikubaaqudgha
Makhleb
Nemelex Xobeh
Okawaru
Qazlal
Sif Muna
Trog
Uskayaw
Vehumet
Wu Jian
Xom
Yredelemnul
Zin
The Shining One

Shops:
D:6 (

Annotations:
D:1 exclusion: downstairs
D:4 Dowan, Pikel
D:6 1 runed translucent door, exclusion: door, 101zpm's ghost, novice DjFE
D:7 exclusion: downstairs
D:8 exclusions: downstairs and upstairs
D:9 exclusions: cyclops, molten gargoyle and upstairs
Lair:1 Erica


Message History

The bolt of acid hits the black mamba!
The acid corrodes the black mamba!
The black mamba is heavily wounded.
The bolt of acid hits the black bear!
The black bear is heavily wounded.
You feel extremely sick.
The black mamba bites you but does no damage.
The black bear bites the plant.
The plant begins to die.
The black bear claws the plant. x2; The black mamba bites you.
You sock the black mamba!
You feel better.
The black mamba is severely wounded.
You feel very sick. The black mamba misses you.
The black bear bites the plant.
The black bear claws the plant. x2
Unknown command.
You completely miss the black mamba.
The black mamba is severely wounded.
You feel very sick. The black mamba bites you!
The black bear bites the plant.
The black bear claws the plant. x2
Unknown command.
You feel much better.
You feel very sick. The black mamba bites you!
You are more poisoned.
The black mamba poisons you! The black mamba bites you!
You are lethally poisoned!
The black mamba poisons you!
The black bear bites the plant.
The black bear completely misses the plant.
The black bear claws the plant.
You feel extremely sick.
A nearby plant withers and dies.
The black mamba closely misses you.
The black mamba bites you but does no damage.
* * * LOW HITPOINT WARNING * * *
You feel extremely sick.
Erica says, "I'm so much better than you."
The black mamba bites you!
* * * LOW HITPOINT WARNING * * *
The black bear bites you!
You die...
Your body crumbles into a pile of gold.

..(##.#........#...##.#
...#..#..........#.##.#
...##.#....#...#...##.#
.P.........#...#......##
...#.......#.#.#....#..#
.P..#.#...h....#...#..##
...##.#.............#.#
.$ #.#......#$#>..##.# .
# #......#(#@..##.#
#.##.#...hS...#.# #.
#............# #.
#.#...#@.....#
#.....#......# #
##............##
#.#..............#
#....#..........##
.##.......#>##..#


You could see Erica, a black mamba (corroded) and a black bear.

Vanquished Creatures
  Maggie (D:9)
  3 cane toads (Lair:1)
  A komodo dragon (Lair:1)
  A hornet (D:7)
  5 blink frogs (Lair:1)
  A wyvern (Lair:1)
  13 yaks
  A basilisk (Lair:1)
  6 water moccasins
  2 orc warriors
  A sky beast (D:7)
  3 wolves (Lair:1)
  An ogre (D:6)
  2 centaurs
  A phantom (D:6)
  A lemure (D:4)
  Blork the orc (D:5)
  2 kobold brigands
  3 bullfrogs (Lair:1)
  2 gnoll sergeants
  A wyvern zombie (D:6)
  4 scorpions
  A water moccasin skeleton (D:5)
  5 wights (D:7)
  4 howler monkeys
  4 centaur zombies
  3 crimson imps (D:3)
  A jelly (D:6)
  An orc priest (D:8)
  2 bullfrog skeletons
  2 centaur skeletons (D:7)
  4 hounds
  A gnoll shaman (D:9)
  3 iguanas
  Ijyb (D:3)
  Jessica (D:3)
  7 orc wizards
  A killer bee zombie (D:6)
  A howler monkey zombie (D:9)
  8 adders
  5 gnolls
  2 shadow imps (D:7)
  4 white imps
  An ufetubus (D:6)
  4 worms
  3 dart slugs
  17 orcs
  8 endoplasms
  8 goblins
  A hobgoblin (D:1)
  4 jackals (D:1)
  9 kobolds
  2 quokkas
  6 ball pythons
  4 bats
  3 frilled lizards
  8 rats
195 creatures vanquished.

Vanquished Creatures (collateral kills)
  A yak (D:8)
  A kobold brigand (D:7)
  A howler monkey (D:7)
  A jelly (D:7)
  An orc priest (D:7)
  2 gnolls (D:5)
  An orc (D:7)
8 creatures vanquished.

Vanquished Creatures (others)
  A vampire mosquito (D:7)
  2 orc warriors (D:7)
  An ice beast (D:8)
  A lemure (D:4)
  An adder (D:6)
  18 fungi
  20 plants (Lair:1)
44 creatures vanquished.

Grand Total: 247 creatures vanquished

Notes
Turn   | Place    | Note
-------+----------+-------------------------------------------
     0 | D:1      | H0rd4k the Human Artificer began the quest for the Orb.
     0 | D:1      | Reached XP level 1. HP: 15/15 MP: 1/1
    92 | D:1      | Found a faded altar of an unknown god.
   122 | D:1      | Reached XP level 2. HP: 11/21 MP: 2/2
   770 | D:1      | Reached XP level 3. HP: 11/26 MP: 3/3
   779 | D:1      | HP: 1/26 [jackal (1)]
  1713 | D:2      | Reached skill level 1 in Maces & Flails
  1859 | D:2      | Identified the +6 quarterstaff of Uncertain Death {vamp,
                  | rElec rC+ Stlth+}
  2225 | D:3      | Noticed Ijyb
  2232 | D:3      | Killed Ijyb
  2233 | D:3      | Reached XP level 4. HP: 31/32 MP: 4/4
  2371 | D:3      | Noticed Jessica
  2374 | D:3      | Killed Jessica
  2375 | D:3      | Reached XP level 5. HP: 29/37 MP: 5/5
  2460 | D:3      | Found a shimmering altar of Xom.
  2475 | D:3      | Reached skill level 1 in Staves
  2761 | D:3      | Reached XP level 6. HP: 31/44 MP: 6/6
  3502 | D:4      | Noticed Pikel
  3517 | D:4      | Reached skill level 2 in Staves
  3653 | D:4      | Noticed Pikel
  3653 | D:4      | Pikel changed into Pikel the naga
  3718 | D:4      | Reached XP level 7. HP: 49/51 MP: 7/7
  3861 | D:4      | Noticed Dowan
  4079 | D:5      | Entered Level 5 of the Dungeon
  4133 | D:5      | Reached skill level 3 in Staves
  4223 | D:5      | Noticed Blork the orc
  4234 | D:5      | Killed Blork the orc
  4387 | D:5      | Reached skill level 4 in Staves
  4509 | D:5      | Reached XP level 8. HP: 58/58 MP: 8/8
  4958 | D:6      | Found a runed translucent door.
  4958 | D:6      | Noticed 101zpm's ghost (novice DjFE)
  5015 | D:6      | Reached skill level 5 in Staves
  5063 | D:6      | Found Antub's Weapon Shoppe.
  5113 | D:6      | Reached XP level 9. HP: 66/66 MP: 9/9
  5174 | D:6      | Reached skill level 6 in Staves
  5288 | D:6      | Found a staircase to the Ecumenical Temple.
  5586 | Temple   | Entered the Ecumenical Temple
  5743 | Temple   | Became a worshipper of Gozag Ym Sagoz the Greedy
  6106 | D:7      | Noticed a hornet
  6110 | D:7      | Noticed a death knight
  6125 | D:7      | Found a blossoming altar of Fedhas.
  6127 | D:7      | Reached skill level 7 in Staves
  6209 | D:7      | Reached skill level 5 in Stealth
  6273 | D:7      | Killed a hornet
  6274 | D:7      | Reached skill level 5 in Fighting
  6594 | D:8      | Reached XP level 10. HP: 53/74 MP: 10/10
  6596 | D:8      | Reached skill level 8 in Staves
  6740 | D:8      | Noticed a two-headed ogre
  7092 | D:9      | Noticed a cyclops
  7158 | D:9      | Noticed a molten gargoyle
  7185 | D:9      | Noticed a molten gargoyle
  7187 | D:9      | Noticed a molten gargoyle
  7204 | D:8      | Found a glowing silver altar of Zin.
  7267 | D:8      | Reached skill level 9 in Staves
  7798 | D:9      | Reached skill level 5 in Armour
  7841 | D:9      | Found a staircase to the Lair.
  7999 | D:9      | Reached skill level 10 in Staves
  8012 | D:9      | Noticed Maggie
  8025 | D:9      | Killed Maggie
  8026 | D:9      | Reached skill level 5 in Dodging
  8341 | Lair:1   | Entered Level 1 of the Lair of Beasts
  8347 | Lair:1   | Noticed a six-headed hydra
  8422 | Lair:1   | Noticed a cane toad
  8429 | Lair:1   | Killed a cane toad
  8430 | Lair:1   | Reached XP level 11. HP: 26/83 MP: 11/11
  8628 | Lair:1   | Reached skill level 11 in Staves
  8740 | Lair:1   | Noticed a six-headed hydra
  8834 | Lair:1   | Noticed Erica
  9316 | Lair:1   | Slain by a black bear

Illustrated notes

Levels and vault maps discovered:
D:1:      lemuel_arrival_lava_pool, layout_loops_ring,
          hellmonk_ecumenical_altar_inner_sanctum
D:2:      layout_basic, minmay_distorted
D:3:      layout_basic, led_xom_imps, minmay_misc_feat_x, st_stairs_7,
          grunt_decor_junction, uniq_ijyb, uniq_jessica
D:4:      layout_gridville, uniq_pikel, uniq_duvessa
D:5:      layout_basic, uniq_blork_the_orc
D:6:      layout_basic, minmay_temple_entry_trees,
          hellmonk_ghost_happy_afterlife, serial_shops,
          nicolae_shop_temple_entry_statues_fountains, minmay_manual_monstrance
D:7:      cheibrodos_barr_body, layout_loops_ring, amcnicky_altar_gilded,
          minmay_misc_feat_alley
D:8:      layout_loops_cross, nicolae_ru_path_of_blood,
          nicolae_overflow_hidden_temple, hangedman_decor_riveting, minivault_23
D:9:      layout_loops_ring, dpeg_oklobed_lair, minivault_8, uniq_maggie
Temple:   regret_index_temple_mists
Lair:1:   layout_long_grid, gammafunk_ghost_berserking_beasts, uniq_erica

Skill      XL: |  1  2  3  4  5  6  7  8  9 10 11 |
---------------+----------------------------------+-----
Maces & Flails | 1 2 |  2.2
Stealth        | 2 3 4 5 |  5.7
Armour         | 3 4 5 |  5.0
Staves         | 1 2 4 5 7 10 11 | 11.9
Fighting       | 2 3 4 5 6 7 |  7.9
Dodging        | 2 3 4 5 |  5.7
Evocations     | 4 |  4.1
Unarmed Combat | |  0.2

Action                   |  1- 3 |  4- 6 |  7- 9 | 10-12 || total
-------------------------+-------+-------+-------+-------++-------
Melee: Club              |   124 |       |       |       ||   124
       Quarterstaff      |    11 |    98 |   202 |   282 ||   593
       Unarmed           |     3 |     1 |       |       ||     4
       Punch             |     1 |       |       |       ||     1
Evoke: Wand              |     2 |     8 |     7 |     9 ||    26
  Use: Scroll            |       |     3 |     3 |     4 ||    10
       Potion            |       |       |       |     7 ||     7
 Stab: Sleeping          |     5 |     4 |     9 |     3 ||    21
       Distracted        |       |     1 |       |     1 ||     2
Armor: Leather armour    |    37 |    15 |    24 |    34 ||   110
       Skin              |     1 |       |       |       ||     1
Dodge: Dodged            |    91 |    50 |   103 |   147 ||   391
